 Dungeon Crawl Stone Soup version 0.17-a0-1435-geafbe2f (webtiles) character file.

8017 nuthulu the Impaler (level 11, -3/97 HPs)
             Began as a Merfolk Gladiator on June 26, 2015.
             Was a High Priest of Okawaru.
             Slain by Snorg (20 damage)
             ... on level 10 of the Dungeon.
             The game lasted 00:36:34 (12861 turns).

nuthulu the Impaler (Merfolk Gladiator)            Turns: 12861, Time: 00:36:35

Health: -3/97      AC:  5    Str: 27    XL:     11   Next: 24%
Magic:  9/11       EV: 18    Int: 10    God:    Okawaru [*****.]
Gold:   579        SH:  0    Dex: 14    Spells: 0 memorised, 10 levels left

rFire  . . .     SeeInvis .     r - +4 halberd
rCold  . . .     Clarity  .     b - +0 leather armour
rNeg   . . .     SustAt   .     (no shield)
rPois  +         Gourm    .     (helmet restricted)
rElec  .         Spirit   .     (no cloak)
rCorr  .         Warding  .     (no gloves)
rMut   .         Stasis   .     (no boots)
MR     .....                    (no amulet)
Stlth  +++.......               i - +3 ring of strength
                                w - +2 ring of protection

@: mighty, heroism, not resistant to hostile enchantments, fairly stealthy
A: change form in water, swift swim, horns 1, clever 1, poison resistance
a: Heroism, Finesse, Renounce Religion


You were on level 10 of the Dungeon.
You worshipped Okawaru.
Okawaru was extremely pleased with you.
You were not hungry.

You visited 1 branch of the dungeon, and saw 10 of its levels.

You collected 579 gold pieces.

Inventory:

Hand weapons
 a - a +0 trident
 r - a +4 halberd (weapon)
 H - the +0 spear of Anguish {pierce, rPois rF+}
   (You found it on level 9 of the Dungeon)

   It inflicts extra damage upon your enemies.
   It protects you from fire.
   It protects you from poison.
Missiles
 d - 3 throwing nets (quivered)
 h - 2 steel javelins
Armour
 b - a +0 leather armour (worn)
 c - a +1 helmet
Jewellery
 i - a +3 ring of strength (right hand)
 p - a +1 ring of evasion
 w - a +2 ring of protection (left hand)
Magical devices
 s - a wand of paralysis (16)
 u - a wand of flame (32)
 y - a wand of fireball (3)
 G - a wand of disintegration (16)
 J - a wand of paralysis (9)
Scrolls
 f - a scroll of amnesia
 g - 3 scrolls of remove curse
 n - a scroll of magic mapping
 q - 2 scrolls of blinking
 t - 3 scrolls of teleportation
Potions
 m - 5 potions of brilliance
 o - 3 potions of curing
 v - a potion of invisibility
 x - a potion of lignification
 A - a potion of berserk rage
 B - a potion of mutation
 C - 3 potions of agility
 D - a potion of cure mutation
 F - a potion of haste {unknown}
Comestibles
 e - 9 bread rations
 j - 14 fruits
 k - 2 meat rations
 l - a beef jerky
 E - a slice of pizza
 I - 3 chunks of flesh


   Skills:
 * Level 12.8(17.8) Fighting
 - Level 16.0(21.0) Polearms
 - Level 2.6(7.6) Throwing
 * Level 5.6(10.6) Dodging


You had 10 spell levels left.
You didn't know any spells.

Dungeon Overview and Level Annotations

Branches:
Dungeon (10/15)            Temple (0/1) D:7            Lair (0/8) D:9
    Orc (0/4) D:10

Altars:
Ashenzari
Dithmenos
Elyvilon
Fedhas
Kikubaaqudgha
Makhleb
Okawaru
Sif Muna
Yredelemnul
Jiyva

Shops:
D:5 %   D:6 (

Annotations:
D:10 Snorg


Innate Abilities, Weirdness & Mutations

You revert to your normal form in water.
You are very nimble and swift while swimming.
You have a pair of small horns on your head.
Your mind is acute. (Int +2)
Your system is resistant to poisons.


Message History

Snorg is moderately wounded.
Drink which item? (? for menu, Esc to quit)
You feel very mighty all of a sudden.
Snorg goes berserk!
You slice Snorg!!
Snorg is moderately wounded.
Snorg bites you. Snorg claws you! Snorg claws you. Snorg misses you.
Snorg closely misses you. Snorg misses you.
You slash Snorg! Your headbutt misses Snorg.
Snorg is heavily wounded.
Snorg barely misses you. Snorg claws you!! Snorg closely misses you.
You stick Snorg like a pincushion!!! Your headbutt misses Snorg.
Snorg is severely wounded.
Snorg bites you! Snorg closely misses you. Snorg closely misses you.
You puncture Snorg!
Snorg is almost dead.
Snorg bites you! Snorg claws you!!
* * * LOW HITPOINT WARNING * * *
Snorg claws you!!
You die...

.. ########..#. #.
####......)....
##............# .#
#.............#
...##.............#
#....#............#
#................#
#........T."....# #
#.......@####### ##
##......## .##
##....## ..##
###...## ..<##
###...#..##
....####...###.....
.....#)(##.....>....
#.....##.............
##...##..............


You could see Snorg (berserk).

Vanquished Creatures
  Erica (D:8)
  Pikel (D:4)
  Joseph (D:10)
  A troll (D:9)
  A wraith (D:10)
  2 hungry ghosts
  A deep elf mage (D:9)
  3 yaks (D:9)
  Duvessa (D:5)
  2 sky beasts
  2 ice beasts
  A phantom (D:6)
  5 ogres
  2 necrophages
  6 big kobolds (D:8)
  2 crocodiles (D:9)
  2 centaurs
  8 giant frogs
  A wyvern zombie (D:7)
  Dowan (D:5)
  4 scorpions
  12 wights
  3 centaur zombies
  5 crimson imps
  A giant frog zombie (D:9)
  3 iguanas
  5 hounds
  7 jellies
  6 orc priests
  15 orc wizards
  A centaur skeleton (D:10)
  10 worker ants
  3 hell rats (D:9)
  3 killer bee zombies
  A hound zombie (D:9)
  2 hound skeletons
  3 gnolls (D:3)
  9 adders
  A river rat (D:9)
  A shadow imp (D:5)
  8 oozes
  An adder zombie (D:9)
  2 adder skeletons
  A worm (D:2)
  30 orcs
  2 bat skeletons
  6 giant cockroaches
  12 goblins
  27 hobgoblins
  8 quokkas
  19 bats
  4 giant geckos
  2 giant newts
  7 jackals
  A jackal skeleton (D:4)
  17 kobolds
  A quokka zombie (D:5)
  22 rats
309 creatures vanquished.

Vanquished Creatures (others)
  A giant gecko (D:9)
  2 bats (D:4)
  A rat (D:4)
4 creatures vanquished.

Grand Total: 313 creatures vanquished

Notes
Turn   | Place    | Note
--------------------------------------------------------------
     0 | D:1      | nuthulu the Merfolk Gladiator began the quest for the Orb.
     0 | D:1      | Reached XP level 1. HP: 16/16 MP: 1/1
   341 | D:1      | Reached XP level 2. HP: 13/23 MP: 2/2
   851 | D:1      | Reached skill level 5 in Polearms
   881 | D:1      | Reached XP level 3. HP: 14/28 MP: 3/3
  1714 | D:2      | Reached XP level 4. HP: 32/35 MP: 4/4
  2132 | D:2      | Found an iron altar of Okawaru.
  2133 | D:2      | Found a shattered altar of Ashenzari.
  2145 | D:2      | Became a worshipper of Warmaster Okawaru
  2627 | D:3      | Found a faded altar to an unknown god.
  2838 | D:3      | Reached XP level 5. HP: 22/42 MP: 5/5
  2987 | D:3      | Found a basalt altar of Yredelemnul.
  3036 | D:3      | Reached skill level 6 in Polearms
  3622 | D:4      | Reached XP level 6. HP: 47/49 MP: 6/6
  3747 | D:4      | Reached skill level 7 in Polearms
  3908 | D:4      | Reached skill level 5 in Fighting
  3995 | D:4      | Noticed Pikel
  3996 | D:4      | Noticed a slave
  3998 | D:4      | Noticed a slave
  4001 | D:4      | Noticed a slave
  4004 | D:4      | Noticed a slave
  4004 | D:4      | Killed Pikel
  4004 | D:4      | Acquired Okawaru's first power
  4004 | D:4      | Reached skill level 9 in Polearms
  4004 | D:4      | Reached XP level 7. HP: 43/59 MP: 7/7
  4235 | D:4      | Reached XP level 8. HP: 65/65 MP: 8/8
  4338 | D:4      | Reached skill level 10 in Polearms
  4662 | D:4      | Found a deep blue altar of Sif Muna.
  5328 | D:5      | Entered Level 5 of the Dungeon
  5687 | D:5      | Noticed Duvessa
  5687 | D:5      | Noticed Dowan
  5697 | D:5      | Killed Duvessa
  5699 | D:5      | Killed Dowan
  5699 | D:5      | Reached skill level 11 in Polearms
  6012 | D:5      | Found Hatig's Food Boutique.
  6233 | D:5      | Reached XP level 9. HP: 70/75 MP: 9/9
  6809 | D:6      | Reached skill level 12 in Polearms
  6957 | D:6      | Received a gift from Okawaru
  7250 | D:6      | Found a viscous altar of Jiyva.
  7442 | D:6      | Found Hoavudd's Antique Weapon Boutique.
  7827 | D:6      | Found a blossoming altar of Fedhas.
  8035 | D:7      | Found a staircase to the Ecumenical Temple.
  8118 | D:7      | Reached skill level 13 in Polearms
  8289 | D:7      | Reached skill level 10 in Fighting
  8325 | D:7      | Found a white marble altar of Elyvilon.
  9008 | D:7      | Reached XP level 10. HP: 80/86 MP: 10/10
  9446 | D:8      | Reached skill level 14 in Polearms
  9572 | D:8      | Noticed Erica
  9584 | D:8      | Killed Erica
  9762 | D:8      | Found a burning altar of Makhleb.
  9762 | D:8      | Found a shadowy altar of Dithmenos.
 10842 | D:8      | Reached skill level 15 in Polearms
 11369 | D:9      | Acquired Okawaru's second power
 11540 | D:9      | Found a staircase to the Lair.
 11646 | D:9      | Got a bloodstained spear
 11689 | D:9      | Identified the cursed +0 spear of Anguish {pierce, rPois rF+} (You found it on level 9 of the Dungeon)
 11800 | D:9      | Found an ancient bone altar of Kikubaaqudgha.
 11812 | D:9      | Reached XP level 11. HP: 96/96 MP: 11/11
 12316 | D:9      | Reached skill level 16 in Polearms
 12385 | D:9      | Gained mutation: Your system is resistant to poisons. [potion of mutation]
 12385 | D:9      | Gained mutation: You have a pair of small horns on your head. [potion of mutation]
 12385 | D:9      | Gained mutation: Your mind is acute. (Int +2) [potion of mutation]
 12484 | D:10     | Entered Level 10 of the Dungeon
 12560 | D:10     | Reached skill level 5 in Dodging
 12697 | D:10     | Found a staircase to the Orcish Mines.
 12697 | D:10     | Noticed Joseph
 12716 | D:10     | Killed Joseph
 12846 | D:10     | Noticed Snorg
 12861 | D:10     | Slain by Snorg

Vault maps used:
D:1:      mrwooster_arrival_statue, serial_forest,
          infiniplex_forest_lined_room_2, infiniplex_forest_clump_long,
          infiniplex_forest_zigzag_2, infiniplex_forest_lined_corner,
          roderic_roman_lattice
D:2:      gammafunk_temple_overflow_pools
D:3:      old_standard_altar, ecumenical_altar_2, dk_vineyard_2
D:4:      nicolae_overflow_crystal_walls, first_bread, minmay_misc_feat_x,
          sigmund_army, uniq_pikel
D:5:      serial_shops, nicolae_shop_behind_doors,
          kennysheep_opposing_triangles, uniq_duvessa
D:6:      kennysheep_mini, serial_shops, kennysheep_mini_moat, jiyva_altar_1
D:7:      minmay_temple_entry_glass, serial_co_window_serial, co_window_paths_a,
          co_window_paths_a, co_window_paths_a, co_window_corner_a,
          co_window_paths_a, co_window_paths_b, co_window_corner_a,
          co_window_of_opportunity_b, co_window_paths_c,
          co_window_unsneaky_path_c, co_window_2corner, co_window_2corner,
          co_window_of_opportunity_c, co_window_broadway_a, glass_columns_b,
          glass_columns_a, glass_columns_b, glass_columns_c, glass_columns_a,
          elyvilon_altar_1
D:8:      gammafunk_temple_overflow_elements, special_room, uniq_erica
D:9:      dpeg_lair_monsters, basic_altar
D:10:     minmay_wavy_crystal, uniq_joseph, uniq_grum, uniq_snorg

Action                   |  1- 3 |  4- 6 |  7- 9 | 10-12 || total
-------------------------+-------+-------+-------+-------++-------
Melee: Trident           |   115 |   144 |       |       ||   259
       Halberd           |       |    83 |   430 |   341 ||   854
       Spear             |       |       |       |     7 ||     7
Throw: Throwing net      |     1 |       |       |       ||     1
Invok: Heroism           |       |       |     4 |     4 ||     8
  Use: Scroll            |     4 |     7 |     4 |    11 ||    26
       Potion            |     1 |       |     3 |     2 ||     6
 Stab: Distracted        |     2 |       |     1 |       ||     3
       Sleeping          |     1 |     1 |     1 |       ||     3
  Eat: Chunk             |     3 |     7 |    15 |     2 ||    27
       Pizza             |       |       |     1 |       ||     1
       Bread ration      |       |       |       |     2 ||     2
       Royal jelly       |       |       |       |     1 ||     1
